 Dungeon Crawl Stone Soup version 0.27.1-4-g1640c2035a (webtiles) character file.

Game seed: 13048840223158941697

778 Stomo444 the Cudgeller (level 7, 25/37 HPs)
             Began as a Vine Stalker Fighter on Nov 17, 2021.
             Quit the game on level 5 of the Dungeon.
             The game lasted 00:07:19 (4771 turns).

Stomo444 the Cudgeller (Vine Stalker Fighter)       Turns: 4771, Time: 00:07:20

Health: 25/37      AC:  5    Str: 21    XL:     7   Next: 85%
Magic:  6/8        EV: 10    Int:  6    God:
Gold:   168        SH: 10    Dex: 19    Spells: 6/6 levels left

rFire    . . .     SeeInvis .   s - +0 morningstar
rCold    . . .     Faith    .   c - +0 kite shield
rNeg     + . .     Spirit   +   v - +2 leather armour {rN+}
rPois    .         Reflect  .   (no helmet)
rElec    .         Harm     .   (no cloak)
rCorr    .         Rampage  .   (no gloves)
Will     .....                  (no boots)
Stlth    +.........             (no amulet)
HPRegen  1.12/turn              n - +6 ring of dexterity
MPRegen  0.11/turn              (no ring)

@: mighty, hasted, very quick
A: fangs 2, regeneration 1, magic shield, antimagic bite, no potion heal 2,
dopey 1
a: no special abilities


You were on level 5 of the Dungeon.
You visited 1 branch of the dungeon, and saw 5 of its levels.

You collected 168 gold pieces.

Inventory:

Hand Weapons
 a - a +0 flail
 j - a +0 whip
 s - a +0 morningstar (weapon)
 u - a +1 antimagic dagger
Armour
 b - a +0 scale mail
 c - a +0 kite shield (worn)
 v - a +2 leather armour of positive energy (worn)
Jewellery
 f - a ring of ice
 n - a +6 ring of dexterity (left hand)
Scrolls
 e - 8 scrolls of identify
 h - 2 scrolls of amnesia {unknown}
 i - a scroll of teleportation {unknown}
 k - a scroll of enchant weapon {unknown}
 l - 2 scrolls of fear {unknown}
 r - a scroll of torment {unknown}
 w - a scroll of magic mapping {unknown}
Potions
 d - a potion of might
 m - 2 potions of brilliance {unknown}
 o - 3 potions of curing {unknown}
 p - 3 potions of degeneration {unknown}
 q - a potion of mutation
 t - a potion of magic {unknown}


   Skills:
 + Level 4.1 Fighting
 * Level 4.6 Maces & Flails
 + Level 3.7 Armour
 + Level 2.6 Dodging
 + Level 4.0 Shields


You had 6 spell levels left.
You didn't know any spells.
Your spell library contained the following spells:

 Spells                   Type           Power      Damage    Failure   Level
 Corpse Rot               Necr/Air       N/A        N/A       98%         2
 Dispel Undead            Necr           0%         3d6       100%        4
 Death Channel            Necr           0%         N/A       100%        6


Dungeon Overview and Level Annotations

Branches:
Dungeon (5/15)
 Temple: D:4-7

Altars:
Ashenzari
Makhleb
Nemelex Xobeh
Okawaru
Vehumet
Wu Jian

Shops:
D:5 ?


Innate Abilities, Weirdness & Mutations

You have extremely sharp teeth.
Your natural rate of healing is unusually fast.
When hurt, damage is shared between your health and your magic reserves.
Your bite disrupts and absorbs the magic of your enemies.
Potions cannot restore your health.
You are dopey. (Int -2)


Message History

Things that are here:
a +0 shortbow; 16 arrows
Found a scroll labelled LUBOSMECVOS.
Found a stone staircase leading down.
w - a scroll labelled LUBOSMECVOS
There is a stone staircase leading down here.
Duvessa, Sister of Dowan comes into view.
She is wielding a +0 short sword.
Found an ornate altar of the Wu Jian Council.
Duvessa shouts!
Duvessa goes berserk!
Duvessa rages.
Duvessa is nearby!
Duvessa is nearby!
Duvessa is nearby!
Okay, then.
It was a potion of mutation.
You feel extremely strange.
You feel stupid. Duvessa hits you with a +0 short sword!
You feel very mighty all of a sudden. You block Duvessa's attack.
You feel yourself speed up. You block Duvessa's attack.
Duvessa hits you with a +0 short sword.
You hit Duvessa. You bite Duvessa. You drain her power.
You feel invigorated.
Duvessa is lightly wounded.
You block Duvessa's attack.
You sock Duvessa! Your bite misses Duvessa.
Duvessa is heavily wounded.
Duvessa barely misses you. You block Duvessa's attack.
You impale Duvessa!! Your bite misses Duvessa.
Duvessa is almost dead.
You block Duvessa's attack.
You closely miss Duvessa. Your bite misses Duvessa.
Duvessa is almost dead.
Duvessa closely misses you. Duvessa hits you with a +0 short sword!
You puncture Duvessa!
You kill Duvessa!
Your Shields skill increases to level 4!
You now have 168 gold pieces (gained 15).
Things that are here:
a +0 short sword; a +0 chain mail; the elf corpse of Duvessa Are you sure you want to abandon this character and quit the game? (Confirm with "yes".)

#.# #.≈≈ #.
#.######... #
#.....##.._ #.....#
... #.....# ..
#.....# #. #.#####
#'############
#####.#
#....>.......#
#.....#
##.@...#####.# #
#.#####
#.....#####.#####.#
#.#
#.....#............
#.#
#)....#........#
#.#
#.....#.)......#
#.#
#.......)...#.##
#.# #.....#######.#
#.# #####.# #....#
#.# #.# #.####


There were no monsters in sight!

Vanquished Creatures
  Duvessa (D:5)
  A black bear (D:5)
  2 centaurs (D:5)
  Dowan (D:5)
  A bullfrog zombie (D:5)
  3 orc priests
  An iguana (D:5)
  Terence (D:3)
  An orc wizard (D:4)
  A howler monkey skeleton (D:4)
  6 adders
  A dart slug (D:2)
  17 orcs
  7 endoplasms
  3 giant cockroaches
  8 goblins
  6 hobgoblins
  7 jackals (D:3)
  A kobold (D:2)
  5 quokkas
  8 ball pythons
  3 bats (D:1)
  4 frilled lizards
  8 rats
97 creatures vanquished.

Vanquished Creatures (others)
  An orc wizard (D:5)
1 creature vanquished.

Grand Total: 98 creatures vanquished

Notes
Turn   | Place    | Note
-------+----------+-------------------------------------------
     0 | D:1      | Stomo444 the Vine Stalker Fighter began the quest for the
                  | Orb.
     0 | D:1      | Reached XP level 1. HP: 11/11 MP: 2/2
   249 | D:1      | Reached XP level 2. HP: 11/16 MP: 0/3
   467 | D:1      | You fall into a shaft and drop 1 floor!
   489 | D:2      | Reached XP level 3. HP: 18/19 MP: 4/4
  1526 | D:2      | Reached skill level 1 in Dodging
  2144 | D:2      | Gained mutation: Your natural rate of healing is unusually
                  | fast. [Vine Stalker growth]
  2144 | D:2      | Reached XP level 4. HP: 12/24 MP: 5/5
  2308 | D:3      | Found a sparkling altar of Nemelex Xobeh.
  2369 | D:3      | Found a broken altar of Ashenzari.
  2432 | D:3      | Found a burning altar of Makhleb.
  2456 | D:3      | Noticed Terence
  2484 | D:3      | Killed Terence
  2485 | D:3      | Reached XP level 5. HP: 25/28 MP: 4/6
  2793 | D:3      | Found a radiant altar of Vehumet.
  3663 | D:4      | Reached XP level 6. HP: 18/32 MP: 3/7
  3886 | D:5      | Entered Level 5 of the Dungeon
  4337 | D:5      | Found an iron altar of Okawaru.
  4363 | D:5      | Noticed a black bear
  4374 | D:5      | Killed a black bear
  4375 | D:5      | Reached XP level 7. HP: 30/37 MP: 4/8
  4577 | D:5      | Found Fynio's Magic Scroll Shoppe.
  4725 | D:5      | Noticed Dowan
  4743 | D:5      | Killed Dowan
  4758 | D:5      | Found an ornate altar of the Wu Jian Council.
  4758 | D:5      | Noticed Duvessa
  4761 | D:5      | Gained mutation: You are dopey. (Int -2) [potion of
                  | mutation]
  4768 | D:5      | Killed Duvessa
  4771 | D:5      | Quit the game

Illustrated notes

Levels and vault maps discovered:
D:1:      dpeg_arrival_another_circle, layout_basic,
          shapermc_ecumenical_altar_petra, minmay_vboxes
D:2:      layout_rooms, st_stairs_2
D:3:      layout_rooms, cheibrodos_ashenzari_chains,
          mainiacjoe_overflow_24_doors, mainiacjoe_overflow_catwalk,
          vehumet_crystals, uniq_terence
D:4:      layout_basic, kennysheep_doodads, dk_vineyard_3,
          hangedman_decor_opposing
D:5:      layout_basic, nicolae_wu_jian_glorious_leap, okawaru_gym_becter,
          serial_shops, nicolae_shop_behind_doors, uniq_duvessa

Skill      XL: |  1  2  3  4  5  6  7 |
---------------+----------------------+-----
Maces & Flails | 2 3 4 |  4.6
Fighting       | 3 4 |  4.1
Dodging        | 1 2 |  2.6
Shields        | 3 4 |  4.0
Armour         | 3 |  3.7

Action                   |  1- 3 |  4- 6 |  7- 9 || total
-------------------------+-------+-------+-------++-------
Melee: Flail             |   110 |   114 |       ||   224
       Bite              |    18 |    77 |    13 ||   108
       Morningstar       |       |    61 |    25 ||    86
  Use: Scroll            |     1 |       |       ||     1
       Potion            |       |       |     3 ||     3
Armor: Scale mail        |    54 |    72 |       ||   126
       Leather armour    |       |       |     8 ||     8
Dodge: Dodged            |    35 |    69 |    11 ||   115
Block: Kite shield       |    60 |   110 |    27 ||   197
